 Dungeon Crawl Stone Soup version 0.28-a0-915-gcd63401287 (webtiles) character file.

Game seed: 15054866392754106673

3979 funkygono the Basher (level 10, 0/61 HPs)
             Began as a Gargoyle Fighter on Nov 25, 2021.
             Was a Follower of Okawaru.
             Slain by a wight (10 damage)
             ... on level 8 of the Dungeon.
             The game lasted 00:15:45 (9943 turns).

funkygono the Basher (Gargoyle Fighter)             Turns: 9943, Time: 00:15:46

Health: 0/61       AC: 19    Str: 22    XL:     10   Next: 22%
Magic:  10/10      EV: 15    Int: 10    God:    Okawaru [*.....]
Gold:   445        SH:  5    Dex:  9    Spells: 9/9 levels left

rFire   . . .      SeeInvis +   a - +2 flail
rCold   . . .      Faith    .   c - +0 buckler
rNeg    + . .      Spirit   .   b - +1 scale mail
rPois   ∞          Reflect  .   r - +0 helmet
rElec   +          Harm     .   E - +1 cloak
rCorr   .          Rampage  .   (no gloves)
Will    .....                   (no boots)
Stlth   ..........              (no amulet)
HPRegen 0.20/turn               g - ring of see invisible
MPRegen 0.12/turn               p - +4 ring of evasion

@: no status effects
A: sickness immunity, AC +7, negative energy resistance 1, electricity
resistance, torment resistance 1, petrification resistance
a: Renounce Religion, Heroism


You were on level 8 of the Dungeon.
You worshipped Okawaru.
Okawaru was aware of your devotion.
You visited 2 branches of the dungeon, and saw 9 of its levels.
You also visited: Sewer.

You collected 445 gold pieces.

Inventory:

Hand Weapons
 a - a +2 flail (weapon)
 m - a +1 scimitar of electrocution
 G - a +0 vorpal morningstar
Missiles
 f - 197 stones
 n - 7 boomerangs
 o - 2 curare-tipped darts
 A - 16 poisoned darts (quivered)
Armour
 b - a +1 scale mail (worn)
 c - a +0 buckler (worn)
 r - a +0 helmet (worn)
 w - a +0 chain mail
 z - a +0 plate armour
 E - a +1 cloak (worn)
Magical Staves
 v - a staff of fire
Jewellery
 g - a ring of see invisible (left hand)
 p - a +4 ring of evasion (right hand)
 y - a +6 ring of dexterity
 D - a ring of ice
Scrolls
 k - 3 scrolls of teleportation
 u - 2 scrolls of amnesia
 C - 2 scrolls of enchant weapon
 F - a scroll of fog
Potions
 d - a potion of might
 e - 2 potions of berserk rage
 h - 5 potions of curing
 i - a potion of heal wounds
 j - 8 potions of flight
 l - a potion of invisibility
 q - a potion of lignification
 s - a potion of cancellation
 t - 2 potions of magic
 x - a potion of brilliance
 B - a potion of haste {unknown}


   Skills:
 + Level 6.9 Fighting
 + Level 9.7 Maces & Flails
 + Level 3.1 Throwing
 + Level 7.4 Armour
 + Level 3.4 Dodging
 + Level 5.7 Shields
 + Level 0.2 Evocations


You had 9 spell levels left.
You didn't know any spells.
Your spell library contained the following spells:

 Spells                   Type           Power      Damage    Failure   Level
 Slow                     Hex            0%         N/A       65%         1
 Confusing Touch          Hex            0%         N/A       95%         3
 Ignite Poison            Fire/Tmut/Pois 0%         N/A       95%         3
 Mephitic Cloud           Conj/Pois/Air  0%         N/A       95%         3
 Portal Projectile        Hex/Tloc       0%         N/A       95%         3
 Vampiric Draining        Necr           0%         2d6       95%         3
 Leda's Liquefaction      Hex/Erth       0%         N/A       100%        4
 Alistair's Intoxication  Tmut/Pois      0%         N/A       100%        5
 Borgnjor's Vile Clutch   Necr/Erth      0%         N/A       100%        5
 Freezing Cloud           Conj/Ice/Air   0%         6-21      100%        5
 Yara's Violent Unravell  Hex/Tmut       0%         3d3       100%        5
 Eringya's Noxious Bog    Tmut/Pois      0%         N/A       100%        6
 Call Canine Familiar     Summ           Unusable   N/A       N/A         3

Dungeon Overview and Level Annotations

Branches:
Dungeon (8/15)             Temple (1/1) D:7           Sewer (visited)
   Lair: D:8-11

Altars:
Ashenzari
Cheibriados
Dithmenos
Elyvilon
Gozag
Hepliaklqana
Kikubaaqudgha
Nemelex Xobeh
Okawaru
Qazlal
Ru
Sif Muna
Uskayaw
Vehumet
Wu Jian
Xom
Yredelemnul
Zin
The Shining One

Shops:
D:8 [


Innate Abilities, Weirdness & Mutations

You are immune to sickness and miasma.
Your stone body is resilient. (AC +7)
You are immune to poison.
You resist negative energy. (rN+)
You are resistant to electric shocks. (rElec)
You are resistant to unholy torment.
You are immune to petrification.


Message History

The wight hits you from afar with a +5 spear!
You closely miss the wight.
The wight hits you from afar with a +5 spear.
The wight closely misses you.
You sock the wight!
The wight is heavily damaged.
The wight hits you from afar with a +5 spear.
The wight hits you but does no damage.
You hit the wight.
The wight is almost destroyed.
You block the wight's attack. The wight hits you but does no damage.
You closely miss the wight.
The wight is almost destroyed.
The wight completely misses you. You block the wight's attack.
You hit the wight but do no damage.
The wight is almost destroyed.
The wight hits you from afar with a +5 spear!
* * * LOW HITPOINT WARNING * * *
You block the wight's attack.
You closely miss the wight.
The wight is almost destroyed.
The wight hits you from afar with a +5 spear.
* * * LOW HITPOINT WARNING * * *
You hit the wight.
You destroy the wight!
Okawaru accepts your kill. You block the wight's attack.
Items here: )) [[.
You barely miss the wight. The wight hits you with a +5 spear.
* * * LOW HITPOINT WARNING * * *
You hit the wight.
The wight is lightly damaged.
The wight barely misses you.
You hit the wight.
The wight is lightly damaged.
The wight misses you.
You hit the wight.
The wight is moderately damaged.
The wight hits you with a +5 spear!
You die...

... #.##.+ .... #....#
.....##.### #......##
##.##...#### ### #.
#.[....# #.#
#..###.#### #.# #.. #)#
#.. ###.##@##### #..
#.....z....# #####..
#..........# ####......
#..........###.........
#............≈.........
#.$....................
#......(...............
#............###zz.....
#.....$......# #.......


You could see a wight.

Vanquished Creatures
  Harold (D:8)
  A hornet (D:8)
  A wyvern (D:8)
  3 steam dragons
  A water moccasin (D:6)
  An orc warrior (D:8)
  A sky beast (D:8)
  2 hornet zombies
  A black bear (D:7)
  An ogre (D:3)
  2 centaurs
  3 kobold brigands
  A bullfrog (D:8)
  2 water moccasin zombies (D:4)
  5 scorpions
  A water moccasin skeleton (D:5)
  8 wights
  A howler monkey (D:6)
  A centaur zombie (D:5)
  2 bullfrog zombies (D:7)
  2 hounds
  2 orc priests (D:4)
  2 centaur skeletons
  A bullfrog skeleton (D:5)
  2 orc wizards
  A scorpion zombie (D:4)
  A merfolk avatar (Sewer)
  A merfolk siren (Sewer)
  3 hound zombies (D:4)
  8 gnolls
  5 adders
  A howler monkey skeleton (D:7)
  3 river rats
  A shadow imp (D:7)
  3 white imps
  An ufetubus (D:4)
  3 adder zombies (D:4)
  3 worms
  A dart slug (D:5)
  16 orcs
  10 endoplasms
  4 giant cockroaches
  5 goblins
  8 hobgoblins
  13 kobolds
  3 quokkas
  14 ball pythons
  8 bats
  10 frilled lizards
  28 rats
202 creatures vanquished.

Notes
Turn   | Place    | Note
-------+----------+-------------------------------------------
     0 | D:1      | funkygono the Gargoyle Fighter began the quest for the Orb.
     0 | D:1      | Reached XP level 1. HP: 14/14 MP: 1/1
   256 | D:1      | Reached XP level 2. HP: 19/19 MP: 2/2
  1130 | D:2      | Found a faded altar of an unknown god.
  1248 | D:2      | Reached XP level 3. HP: 22/24 MP: 3/3
  1453 | D:2      | Found a stormy altar of Qazlal.
  2228 | D:3      | Reached XP level 4. HP: 25/29 MP: 4/4
  2448 | D:3      | Found a shimmering blue altar of Sif Muna.
  2459 | D:3      | Reached skill level 3 in Maces & Flails
  2642 | D:3      | Found a glowing drain.
  2649 | Sewer    | Entered a sewer
  2669 | Sewer    | Reached XP level 5. HP: 33/33 MP: 5/5
  3031 | Sewer    | Noticed a malarious merfolk avatar
  3040 | Sewer    | Killed a malarious merfolk avatar
  3041 | Sewer    | Reached skill level 4 in Maces & Flails
  3448 | D:3      | Found a faded altar of an unknown god.
  3452 | D:3      | Found an ancient bone altar of Kikubaaqudgha.
  3660 | D:3      | Noticed an ogre
  3673 | D:3      | Killed an ogre
  3674 | D:3      | Reached XP level 6. HP: 7/38 MP: 6/6
  4154 | D:4      | Reached skill level 1 in Dodging
  4199 | D:4      | Reached XP level 7. HP: 17/44 MP: 7/7
  4513 | D:4      | Reached skill level 5 in Maces & Flails
  4513 | D:4      | Reached skill level 5 in Armour
  4936 | D:4      | Reached skill level 1 in Throwing
  5405 | D:5      | Entered Level 5 of the Dungeon
  5606 | D:5      | Reached skill level 6 in Maces & Flails
  5957 | D:5      | Reached XP level 8. HP: 48/48 MP: 8/8
  6188 | D:5      | Reached skill level 5 in Fighting
  6474 | D:6      | Reached skill level 7 in Maces & Flails
  6964 | D:6      | Found a stormy altar of Qazlal.
  7175 | D:6      | Found a glowing silver altar of Zin.
  7302 | D:7      | Reached XP level 9. HP: 54/54 MP: 9/9
  7310 | D:7      | Reached skill level 5 in Shields
  7372 | D:7      | Reached skill level 8 in Maces & Flails
  8175 | D:7      | Found a staircase to the Ecumenical Temple.
  8703 | Temple   | Entered the Ecumenical Temple
  8711 | Temple   | Became a worshipper of Warmaster Okawaru
  8855 | D:8      | Noticed Harold
  8951 | D:8      | Killed Harold
  8952 | D:8      | Reached skill level 9 in Maces & Flails
  9309 | D:8      | Found Heqituen's Antique Armour Boutique.
  9328 | D:8      | Reached * piety under Okawaru
  9339 | D:8      | Reached XP level 10. HP: 32/61 MP: 10/10
  9812 | D:8      | Found an ornate altar of the Wu Jian Council.
  9943 | D:8      | Slain by a wight

Illustrated notes

Levels and vault maps discovered:
D:1:      onia_arrival_handbag, layout_loops_cross, minivault_19, st_stairs_12
D:2:      layout_basic, basic_altar, dreamdust_ecumenical_altar_grove
D:3:      layout_rooms, nicolae_overflow_ecumenical_swirl,
          mainiacjoe_overflow_alcove_2, lightli_sewer_entry_pipes,
          serial_bayou_pond_b
D:4:      layout_cave_pools, serial_undead, serial_undead_a, serial_undead_f,
          serial_undead_a, serial_undead_a, minivault_5
D:5:      layout_gridville
D:6:      layout_basic, mainiacjoe_overflow_boulevard,
          mainiacjoe_overflow_chevrons, serial_park_tiny_pond, chequers_jeans
D:7:      layout_loops_corners, minmay_temple_entry_glassed_door,
          grunt_decor_arrowhead
D:8:      minmay_bubble_buster, layout_rooms, kennysheep_little_box,
          serial_shops, shop, uniq_harold
Temple:   eino_temple_lava

Skill      XL: |  1  2  3  4  5  6  7  8  9 10 |
---------------+-------------------------------+-----
Maces & Flails | 3 4 6 7 9 |  9.7
Armour         | 4 5 6 7 |  7.4
Fighting       | 4 5 6 |  6.9
Shields        | 4 5 |  5.7
Dodging        | 1 2 3 |  3.4
Throwing       | 1 2 3 |  3.1
Evocations     | |  0.2

Action                   |  1- 3 |  4- 6 |  7- 9 | 10-12 || total
-------------------------+-------+-------+-------+-------++-------
Melee: Flail             |   116 |   249 |   390 |    61 ||   816
Throw: Stone             |    12 |       |       |       ||    12
       Boomerang         |       |     5 |     9 |       ||    14
       Dart              |       |       |    26 |    20 ||    46
Evoke: Wand              |       |       |     2 |       ||     2
  Use: Scroll            |     8 |     2 |     9 |       ||    19
       Potion            |       |       |     1 |       ||     1
Armor: Scale mail        |    75 |   136 |   203 |    28 ||   442
Dodge: Dodged            |    74 |   108 |   249 |    42 ||   473
Block: Buckler           |    23 |    55 |    83 |    18 ||   179

Table legend: (Time is in decaauts)
 A = Elapsed time spent in this place.
 B = Non-inter-level travel time spent in this place.
 C = Inter-level travel time spent in this place.
 D = Time resting spent in this place.
 E = Time spent auto-exploring this place.
 F = Levels seen in this place.
 G = Mean time per level.
                   A        B        C        D        E       F      G
               +--------+--------+--------+--------+--------+-----+--------+
         Total |  10146 |   9847 |    299 |    296 |   7256 |  10 | 1014.6 |
       Dungeon |   9431 |   9141 |    290 |    296 |   6910 |   8 | 1178.9 |
        Temple |     55 |     47 |      8 |      0 |     35 |   1 |   55.0 |
         Sewer |    659 |    659 |      0 |      0 |    310 |   1 |  659.0 |
               +--------+--------+--------+--------+--------+-----+--------+

Top non-repeatable levels by time:
     D:3: 1475 daAuts
     D:7: 1446 daAuts
     D:4: 1305 daAuts
     D:8: 1208 daAuts
     D:1: 1143 daAuts
     D:2: 1027 daAuts
     D:6: 922 daAuts
     D:5: 902 daAuts
   Sewer: 659 daAuts
  Temple: 55 daAuts
